 Dungeon Crawl Stone Soup version 0.17-a0-1667-g4ca74a1 (webtiles) character file.

126 Skarn the Shield-Bearer (level 4, -3/40 HPs)
             Began as a Minotaur Fighter on Aug 17, 2015.
             Was a Follower of Makhleb.
             Killed by divine providence
             ... invoked by an orc priest
              (7 damage)
             ... on level 4 of the Dungeon.
             The game lasted 00:25:46 (1698 turns).

Skarn the Shield-Bearer (Minotaur Fighter)          Turns: 1698, Time: 00:25:46

Health: -3/40      AC: 14    Str: 21    XL:     4   Next: 83%
Magic:  3/3        EV:  4    Int:  5    God:    Makhleb [*.....]
Gold:   91         SH:  9    Dex: 10    Spells: 0 memorised, 3 levels left

rFire  . . .     SeeInvis .     z - -2 hunting sling (curse)
rCold  . . .     Clarity  .     q - +1 plate armour
rNeg   . . .     SustAt   .     c - +0 shield
rPois  .         Gourm    .     (helmet restricted)
rElec  .         Spirit   .     (no cloak)
rCorr  .         Warding  .     (no gloves)
rMut   .         Stasis   .     v - +0 pair of boots
MR     .....                    (no amulet)
Stlth  ..........               (no ring)
                                (no ring)

@: not resistant to hostile enchantments, extremely unstealthy
A: retaliatory headbutt, horns 2
a: Renounce Religion


You were on level 4 of the Dungeon.
You worshipped Makhleb.
Makhleb was aware of your devotion.
You were not hungry.

You visited 1 branch of the dungeon, and saw 4 of its levels.

You collected 91 gold pieces.

Inventory:

Hand weapons
 a - a +0 long sword
 g - a +0 dagger
 j - a +0 whip
 k - a +0 dagger
 l - a +0 club
 m - a +0 hand axe
 n - a +0 hunting sling
 o - a +0 dagger
 p - a +0 dagger
 r - a +0 short sword
 t - a +0 spear
 u - a +0 quarterstaff
 x - a cursed -1 dagger
 y - a +0 club
 z - a cursed -2 hunting sling (weapon)
 A - a +0 club
 B - a +0 club
 D - a cursed -1 club
 E - a +0 halberd
 F - a +0 spear
 G - a +0 dagger
 I - a +0 spear
 K - a +0 club
 L - a +0 flail
 M - a +0 whip
 O - a +0 trident
 Q - a +0 club
Missiles
 h - 94 stones (quivered)
 s - 67 arrows
 C - 18 bolts
 S - 17 poisoned needles
 T - a tomahawk
Armour
 b - a +0 scale mail
 c - a +0 shield (worn)
 i - a +0 ring mail
 q - a +1 plate armour (worn)
 v - a +0 pair of boots (worn)
 J - a +0 ring mail
 N - a +0 ring mail
 P - a +0 leather armour
 R - a +0 leather armour
Scrolls
 f - a scroll of recharging
Potions
 d - 2 potions of might
 H - a potion of agility
Comestibles
 e - 2 bread rations
 w - a royal jelly


   Skills:
 + Level 4.3 Fighting
 + Level 2.8 Long Blades
 + Level 1.8 Slings
 + Level 4.6 Armour
 + Level 0.2 Dodging
 + Level 4.8 Shields


You had 3 spell levels left.
You didn't know any spells.

Dungeon Overview and Level Annotations

Branches:
Dungeon (4/15)
 Temple: D:4-7

Altars:
Ashenzari
Makhleb
Zin


Innate Abilities, Weirdness & Mutations

You reflexively headbutt those who attack you in melee.
You have a pair of horns on your head.


Message History

The orc wizard seems to speed up.
You block the orc priest's attack. You block the orc's attack.
The orc hits you but does no damage. The orc wizard barely misses you.
The orc priest looks braver for a moment.
You clumsily bash the orc but do no damage.
The orc is severely wounded.
The orc wizard points at you and mumbles some strange words.
The magic dart hits you! The orc hits you but does no damage.
The orc hits you but does no damage.
The orc priest hits you but does no damage.
The orc wizard gestures at you while chanting.
The magic dart hits you! The orc hits you but does no damage.
The orc hits you with a falchion.
* * * LOW HITPOINT WARNING * * *
You clumsily bash the orc but do no damage.
The orc is severely wounded.
You block the orc wizard's attack.
The orc priest mumbles some strange prayers to Beogh against you.
Something smites you!
You die...

#...........# ..#
##.......##..# ...#
##......## #.# #
#..###......#####.....
#..#.............###.
#.............## ##
.#####....(...###.# #
......ooo(...## # .
.......@o(...# .
........(......# .
#####...##..####
######..# ##.# ##


You could see an orc priest, an orc wizard and 2 orcs.

Vanquished Creatures
  3 adders
  3 gnolls (D:2)
  An ooze (D:1)
  3 worms
  7 orcs
  8 goblins
  5 hobgoblins
  8 kobolds
  A ball python (D:1)
  5 bats
  5 giant cockroaches
  A giant newt (D:3)
  4 rats (D:1)
54 creatures vanquished.

Vanquished Creatures (others)
  Natasha (D:2)
1 creature vanquished.

Grand Total: 55 creatures vanquished

Notes
Turn   | Place    | Note
--------------------------------------------------------------
     0 | D:1      | Skarn the Minotaur Fighter began the quest for the Orb.
     0 | D:1      | Reached XP level 1. HP: 19/19 MP: 0/0
   274 | D:1      | Reached XP level 2. HP: 21/27 MP: 1/1
   320 | D:1      | Reached skill level 4 in Fighting
   548 | D:2      | Reached XP level 3. HP: 33/33 MP: 2/2
   551 | D:2      | Noticed Natasha
   565 | D:2      | Killed Natasha
   604 | D:2      | Found a burning altar of Makhleb.
   604 | D:2      | Found a glowing silver altar of Zin.
   605 | D:2      | Noticed an angel
   605 | D:2      | Noticed a green death
   634 | D:2      | Became a worshipper of Makhleb the Destroyer
  1138 | D:2      | Reached XP level 4. HP: 30/40 MP: 3/3
  1239 | D:3      | Found a shattered altar of Ashenzari.
  1280 | D:3      | Reached skill level 1 in Slings
  1343 | D:3      | Acquired Makhleb's first power
  1698 | D:4      | Killed from afar by an orc priest

Vault maps used:
D:1:      mrwooster_arrival_statue_3, minmay_box_of_dots
D:2:      grunt_temple_overflow_order_and_chaos_2, first_bread, uniq_natasha
D:3:      nicolae_ashenzari_panopticon

Action                   |  1- 3 |  4- 6 || total
-------------------------+-------+-------++-------
Melee: Long sword        |    48 |       ||    48
       Hunting sling     |   100 |    84 ||   184
 Fire: Hunting sling     |    12 |    37 ||    49
  Use: Scroll            |     3 |     3 ||     6
       Potion            |     1 |       ||     1
  Eat: Bread ration      |     1 |       ||     1
